 Dungeon Crawl Stone Soup version 0.30-a0-702-gdf48620a09 (webtiles) character file.

Game seed: 3233808040378427261

32 gelatine the Firebug (level 3, -6/24 HPs)
             Began as a Demonspawn Fire Elementalist on Jan 21, 2023.
             Mangled by Terence
             ... wielding a +0 heavy hand axe
              (7 damage)
             ... on level 2 of the Dungeon.
             The game lasted 00:02:37 (1135 turns).

gelatine the Firebug (Demonspawn Fire Elementalist) Turns: 1135, Time: 00:02:38

Health: -6/24      AC:  2    Str:  8    XL:     3   Next: 8%
Magic:  2/6        EV: 12    Int: 18    God:
Gold:   101        SH:  0    Dex: 13    Spells: 5/6 levels left

rFire   . . .      SeeInvis .    e - +0 dagger (speed)
rCold   . . .      Faith    .    (no shield)
rNeg    . . .      Spirit   .    a - +0 robe
rPois   .          Reflect  .    (no helmet)
rElec   .          Harm     .    (no cloak)
rCorr   .          Rampage  .    (no gloves)
Will    .....                    (no boots)
Stlth   ++                       (no amulet)
HPRegen 0.24/turn                (no ring)
MPRegen 0.10/turn                (no ring)

@: no status effects
A: claws 1
a: no special abilities


You were on level 2 of the Dungeon.
You visited 1 branch of the dungeon, and saw 2 of its levels.

You collected 101 gold pieces.

Inventory:

Hand Weapons
 e - a +0 dagger of speed (weapon)
Armour
 a - a +0 robe (worn)
Scrolls
 c - a scroll of fog {unknown}
 d - 2 scrolls of identify {unknown}
 g - a scroll of fear {unknown}
Potions
 b - 4 potions of magic
 i - a potion of attraction {unknown}
 j - a potion of might {unknown}
 k - a potion of curing {unknown}
 l - a potion of mutation {unknown}


   Skills:
 + Level 1.9 Dodging
 + Level 2.0 Stealth
 + Level 2.4 Spellcasting
 + Level 1.1 Conjurations
 + Level 3.3 Fire Magic


You had 5 spell levels left.
You knew the following spells:

 Your Spells              Type           Power      Damage    Failure   Level
a - Foxfire               Conj/Fire      40%        2x1d6     7%          1

Your spell library contained the following spells:

 Spells                   Type           Power      Damage    Failure   Level
 Scorch                   Fire           28%        2d6       7%          2
 Inner Flame              Hex/Fire       8%         N/A       26%         3
 Kindle Blastsparks       Fire/Tloc/Air  12%        2d11      32%         3
 Flame Wave               Conj/Fire      10%        2d6       56%         4


Dungeon Overview and Level Annotations

Branches:
Dungeon (2/15)

Altars:

Annotations:
D:2 Terence


Innate Abilities, Weirdness & Mutations

You have sharp fingernails.


Message History

It was a potion of lignification.
You turn into a tree.
Your +0 robe melds into your body.
Your roots penetrate the ground.
You barely miss Terence.
Terence is heavily wounded.
Terence hits you but does no damage.
You hit Terence but do no damage.
Terence is heavily wounded.
You hit Terence.
Terence is heavily wounded.
You hit Terence but do no damage.
Terence is heavily wounded.
Terence hits you but does no damage.
You hit Terence.
Terence is severely wounded.
You closely miss Terence.
Terence is severely wounded.
Terence hits you but does no damage.
You hit Terence.
Terence is severely wounded.
You hit Terence.
Terence is almost dead.
Terence hits you with a +0 heavy hand axe.
* * * LOW HITPOINT WARNING * * *
You completely miss Terence.
Terence is almost dead.
You hit Terence but do no damage.
Terence is almost dead.
You hit Terence but do no damage.
Terence is almost dead.
Terence hits you with a +0 heavy hand axe.
* * * LOW HITPOINT WARNING * * *
You hit Terence but do no damage.
Terence is almost dead.
It was a potion of cancellation.
Your magical effects are unravelling.
You feel magically purged.
You feel less wooden.
Your +0 robe unmelds from your body.
Terence hits you with a +0 heavy hand axe!
You die...

..##.......## # ##.#.#..
#..#.....†..# #.# ........
#...##...#.####.## .. ........
##.....#.#.......# #. ......†.
#.##.........#..#####.#######).
###.##.........#...#.............
#....................##.........†
..#.##.......†.#.#........###....
...............#@#........#....<.
###.#......#####@#..............#
#.##.##>.....gB#.........######
#.##.#####.B.....).......# #.##.#
#.>.##.....<.....###
#.##...........###.##.....#
#.##.......#..## #.##.#....)..
..........B.... ........<...#
.....?..w.. ..............


You could see Terence, a giant cockroach and a goblin.

Vanquished Creatures
  A worm (D:2)
  A dart slug (D:1)
  3 ball pythons (D:1)
  A bat (D:1)
  2 endoplasms
  4 giant cockroaches (D:2)
  2 goblins (D:2)
  2 hobgoblins
  2 jackals (D:2)
  A quokka (D:1)
  2 kobolds (D:1)
21 creatures vanquished.

Vanquished Creatures (others)
  83 foxfires
83 creatures vanquished.

Grand Total: 104 creatures vanquished

Notes
Turn   | Place    | Note
-------+----------+-------------------------------------------
     0 | D:1      | gelatine the Demonspawn Fire Elementalist began the quest
                  | for the Orb.
     0 | D:1      | Reached XP level 1. HP: 13/13 MP: 3/3
     6 | D:1      | Noticed a hound
     6 | D:1      | Noticed a killer bee
     7 | D:1      | Noticed a black mamba
     7 | D:1      | Noticed a snapping turtle
   441 | D:1      | Reached skill level 3 in Fire Magic
   441 | D:1      | Gained mutation: You have sharp fingernails. [demonic
                  | ancestry]
   441 | D:1      | Reached XP level 2. HP: 19/19 MP: 1/5
   965 | D:2      | Reached XP level 3. HP: 24/24 MP: 1/6
  1093 | D:2      | Noticed Terence
  1130 | D:2      | HP: 1/36 [Terence/+0 heavy hand axe (5)]
  1135 | D:2      | Mangled by Terence

Illustrated notes

Levels and vault maps discovered:
D:1:      onia_arrival_zoo_common, layout_rooms
D:2:      layout_rooms, uniq_terence

Skill      XL: |  1  2  3 |
---------------+----------+-----
Fire Magic     | 3 |  3.3
Stealth        | 2 |  2.0
Dodging        | |  1.9
Spellcasting   | |  2.4
Conjurations   | |  1.1

Action                   || total
-------------------------++-------
Melee: Dagger            ||    37
 Cast: Foxfire           ||    49
  Use: Potion            ||     2
Armor: Robe              ||     7
       Skin              ||     3
Dodge: Dodged            ||    10

Table legend: (Time is in decaauts)
 A = Elapsed time spent in this place.
 B = Non-inter-level travel time spent in this place.
 C = Inter-level travel time spent in this place.
 D = Time resting spent in this place.
 E = Time spent auto-exploring this place.
 F = Levels seen in this place.
 G = Mean time per level.
                   A        B        C        D        E       F      G
               +--------+--------+--------+--------+--------+-----+--------+
         Total |   1120 |   1053 |     67 |      0 |    882 |   2 |  560.0 |
       Dungeon |   1120 |   1053 |     67 |      0 |    882 |   2 |  560.0 |
               +--------+--------+--------+--------+--------+-----+--------+

Top non-repeatable levels by time:
     D:1: 772 daAuts
     D:2: 347 daAuts
